[Event "German Bundesliga 2024-25"]
[Site "Germany"]
[Date "2024.10.06"]
[Round "2.9"]
[White "Narayanan S L"]
[Black "Kasimdzhanov, Rustam"]
[Result "1-0"]
[Annotator "TA"]
[ECO "D61"]
[WhiteElo "2640"]
[BlackElo "2685"]
[PlyCount "80"]
[EventDate "2024.09.27"]
[EventType "team-tourn"]
[EventCountry "GER"]
[SourceTitle "playchess.com"]
[Source "ChessBase"]
[SourceQuality "1"]
[WhiteTeam "Deggendorf"]
[BlackTeam "Baden-Baden"]
[TimeControl "40/5400+30:1800+30"]

1. d4 Nf6 2. c4 e6 3. Nf3 d5 4. Nc3 c6 5. Bg5 h6 6. Bh4 Be7 7. e3 Nbd7 8. Qc2 O-O 9. a3 a5 10. cxd5 exd5 11. Bd3 Nh5 {[%emt 0:07:08] White is slightly better.} 12. Bxe7 Qxe7 13. O-O Nhf6 14. Rae1 Qd6 15. Nh4 Nb6 16. Ne2 Be6 17. Ng3 Rfc8 18. Ngf5 Qf8 19. Qc5 $1 Bxf5 20. Nxf5 Nbd7 21. Qc2 c5 22. dxc5 Nxc5 23. Rd1 Ne6 24. Qa4 Nc5 25. Qh4 {[%emt 0:02:11][%cal Of5h6] aiming for Nxh6+!} Rc6 26. Bb1 Rd8 27. Rc1 Rdc8 28. Rfd1 (28. Rfe1 $14) 28... Nce4 (28... Ncd7 $11 {remains equal.} 29. Rxc6 bxc6) 29. Rxc6 $16 Rxc6 30. h3 Kh8 (30... Re6 $14) 31. Bxe4 dxe4 32. Qg3 ({White should try} 32. Qf4) 32... g6 33. Nd6 Qe7 {[%emt 0:00:43] [#] Against Qe5} 34. Qe5 $1 Rc7 {[%emt 0:00:09] [#]} (34... Qxe5 35. Nxf7+) 35. Qf4 {[%emt 0:05:12] White has more active pieces.} ({But not} 35. Qxa5 $6 Rd7 36. Qb4 Ne8 37. Nxf7+ Qxf7 38. Rxd7 (38. Qc3+ Kh7 $17) 38... Qxd7 39. Qxe4 Kh7 $11) (35. Qxe7 $1 $16 Rxe7 36. Nc4) 35... Kg7 $11 36. Rd4 $36 {[%emt 0:01:17][%cal Rd6e4][%mdl 2048] Black is under pressure.} Rc1+ 37. Kh2 Rc2 38. b4 axb4 39. axb4 Nh5 $2 (39... Rb2 $14) 40. Rxe4 $18 ({Resist} 40. Qxe4 $6 Qxe4 41. Nxe4 b5 $16) 40... Qg5 $2 {[%emt 0:00:35] Weighted Error Value: White=0.15 (very precise) /Black=0.22 (precise) .  Mistake:       	White=3     	Black=4      Inaccurate:     	White=1     	Black=3      OK:         	White=10    	Black=6      Best:        	White=3     	Black=1      Strong:       	White=1     	---        Brilliant:      	White=1     	---} (40... Qf8 $18 41. Qe5+ Kg8 42. Nxb7 Qg7) 1-0

[Event "German Bundesliga 2024-25"]
[Site "Germany"]
[Date "2024.09.29"]
[Round "2.9"]
[White "Gurel, Ediz"]
[Black "Erigaisi Arjun"]
[Result "1-0"]
[Annotator "TA"]
[ECO "C64"]
[WhiteElo "2602"]
[BlackElo "2778"]
[PlyCount "149"]
[EventDate "2024.09.27"]
[EventType "team-tourn"]
[EventCountry "GER"]
[SourceTitle "playchess.com"]
[Source "ChessBase"]
[SourceQuality "1"]
[WhiteTeam "SK Kirchweyhe"]
[BlackTeam "Duesseldorfer SK"]
[TimeControl "40/5400+30:1800+30"]

1. e4 e5 2. Nf3 Nc6 3. Bb5 Bc5 4. c3 Nf6 5. d4 exd4 6. e5 Nd5 7. O-O Be7 8. cxd4 d6 9. Nc3 Be6 10. Ne4 a6 11. Bxc6+ bxc6 12. Bg5 O-O 13. Rc1 h6 14. Bxe7 Nxe7 15. Re1 a5 16. b3 Qd7 17. h3 Nd5 18. Nfd2 f5 19. exf6 gxf6 20. Qf3 f5 21. Ng3 Rf6 22. Nh5 Rg6 23. Nf4 Nxf4 24. Qxf4 Bd5 25. Nf3 Rf8 26. Nh4 Re6 27. Rxe6 Qxe6 28. Nf3 Qf6 29. Re1 Rf7 30. Re3 Kf8 31. Kh2 Re7 32. Rxe7 (32. g4 {keeps more tension.} Rf7 33. gxf5 Qxf5 34. Qxh6+ Rg7 35. Qh8+) 32... Kxe7 33. Nh4 Be4 34. Nf3 Kd7 35. Qe3 Bd5 36. Ne1 f4 37. Qd2 h5 38. f3 h4 39. Kg1 Bf7 40. Kh2 Bd5 41. Kg1 Kc8 42. Nc2 Kb7 43. Kh1 Ka6 44. Na3 Qf5 45. Kh2 Be6 46. Qf2 Qf6 47. Qd2 Bf7 48. Nb1 c5 (48... Bg6 $11 {remains equal.}) 49. Qe2+ (49. Qd3+ $16 c4 50. bxc4) 49... c4 $1 $11 50. Na3 Qe6 51. Qc2 (51. Qxc4+ Qxc4 52. bxc4 (52. Nxc4 $2 Bxc4 53. bxc4 d5 $19) 52... Kb6 $19) 51... d5 52. bxc4 dxc4 53. Qa4 c6 54. Nb1 $1 Qg6 55. Nc3 $1 Bd5 56. Nxd5 cxd5 57. Qd7 Kb6 58. Qxd5 Qc6 59. Qd8+ Qc7 60. Qf6+ Kb5 61. Qf5+ (61. Qxh4 c3 62. Qg5+ Kb4 $19) 61... Kb4 62. Qf8+ Kb5 $1 63. d5 Qd7 $1 64. a4+ Kxa4 65. Qc5 Kb3 $2 {[%emt 0:01:44][%mdl 8192] [#]} (65... Qb5 $11 66. Qd4 (66. Qxb5+ Kxb5 67. d6 Kc6 68. Kg1 c3 69. Kf2 c2 70. d7 Kxd7 71. Ke2 c1=Q 72. Kd3 Qe3+ 73. Kc2 a4 74. Kb2 Qb3+ 75. Kc1 a3 76. g3 a2 77. gxf4 a1=Q+ 78. Kd2 Qad1#) 66... Kb3) 66. d6 $2 (66. Qb6+ $1 {mates} Ka3 67. Qxa5+ Kb3 68. Qb6+ Ka3 69. d6 Qg7 70. Qc5+ Kb3 71. Qb5+ Ka3 72. Qxc4 Qg3+ 73. Kg1 Qe1+ 74. Qf1) 66... Qg7 $2 (66... c3 $16) 67. Qb5+ Kc3 68. Qxa5+ Kb3 69. Qb5+ Kc3 70. Kh1 Qd4 71. d7 Kd3 72. Qc6 Kd2 73. Qc7 Ke1 74. d8=Q Qa1 75. Qa5+ (75. Qxf4 {gets mated.} Kf2+) 1-0

[Event "German Bundesliga 2024-25"]
[Site "Germany"]
[Date "2024.10.06"]
[Round "2.9"]
[White "Kazakouski, Valery"]
[Black "McShane, Luke J"]
[Result "1/2-1/2"]
[Annotator "TA"]
[ECO "C54"]
[WhiteElo "2557"]
[BlackElo "2609"]
[PlyCount "102"]
[EventDate "2024.09.27"]
[EventType "team-tourn"]
[EventCountry "GER"]
[SourceTitle "playchess.com"]
[Source "ChessBase"]
[SourceQuality "1"]
[WhiteTeam "Bad Mergentheim"]
[BlackTeam "Werder Bremen"]
[TimeControl "40/5400+30:1800+30"]

1. e4 e5 2. Nf3 Nc6 3. Bc4 Bc5 4. c3 Nf6 5. d4 exd4 6. e5 d5 7. Be2 Ne4 {[%emt 0:00:18][%cal Od4d3] [#] Strongly threatening ...d3!} 8. cxd4 Bb6 9. Nc3 O-O 10. O-O Be6 11. Be3 f6 12. exf6 Nxf6 13. h3 Ne7 14. Bd3 c6 15. Qc2 Qc8 $1 16. Ne2 Ne4 {[%emt 0:24:23][%cal Oe6h3] Prevents Ng3.} 17. Ng3 Bxh3 18. Bxe4 dxe4 19. Qxe4 {[%emt 0:00:38] [#]} Qe6 20. Ng5 (20. Rfe1 Qxe4) 20... Qxe4 21. N5xe4 {[%emt 0:00:29] Excellent horsemanship.} Bf5 22. Nc5 Bg6 23. Rfe1 Nd5 24. Bd2 Rf7 25. a3 h6 26. Ne2 Rd8 27. Rac1 Kh7 28. b4 Bxc5 29. dxc5 Rfd7 30. Nf4 Nc7 31. Bc3 Nb5 32. Bb2 Bf7 33. Re3 g5 34. Ne2 Rd2 35. Bf6 R8d7 36. a4 Nc7 {[%emt 0:00:02] Threatens to win with ...Nd5.} 37. Nc3 Nd5 38. Nxd5 {[%emt 0:00:24] The position is equal.} Bxd5 39. Bc3 Ra2 40. Ra1 Rc2 41. Rae1 Kg6 42. R1e2 Rxe2 43. Rxe2 $11 {[%emt 0:00:00][%mdl 4096] Endgame. KRB-KRB} Bb3 44. a5 h5 45. Rd2 Bd5 46. f3 a6 47. Re2 Rf7 48. Bd2 Kf5 49. Kf2 g4 50. fxg4+ Kxg4+ 51. Kg1 Kf5 {[%emt 0:03:31] Weighted Error Value: White=0.05 (flawless) /Black=0.04 (flawless) .  Inaccurate:     	White=2     	Black=3      OK:         	White=22    	Black=22     Best:        	White=1     	Black=1      Strong:       	---       	Black=1} 1/2-1/2

[Event "German Bundesliga 2024-25"]
[Site "Germany"]
[Date "2024.10.06"]
[Round "2.10"]
[White "Deac, Bogdan-Daniel"]
[Black "Ghosh, Diptayan"]
[Result "1/2-1/2"]
[Annotator "TA"]
[ECO "D27"]
[WhiteElo "2691"]
[BlackElo "2566"]
[PlyCount "59"]
[EventDate "2024.09.27"]
[EventType "team-tourn"]
[EventCountry "GER"]
[SourceTitle "playchess.com"]
[Source "ChessBase"]
[SourceQuality "1"]
[WhiteTeam "Baden-Baden"]
[BlackTeam "Deggendorf"]
[TimeControl "40/5400+30:1800+30"]

1. Nf3 d5 2. d4 Nf6 3. c4 dxc4 4. e3 e6 5. Bxc4 c5 6. O-O Nc6 7. Nc3 a6 8. dxc5 Qxd1 9. Rxd1 Bxc5 10. Bd2 O-O 11. Rac1 Bd7 12. Be2 Ba7 13. Be1 Rfd8 14. Na4 Nd4 15. Nxd4 Bxa4 16. b3 Be8 17. Ba5 Rd5 {[%emt 0:06:25] The position is equal.} 18. Bc3 Rc8 19. Bb2 Rxc1 20. Rxc1 Rc5 21. Rxc5 Bxc5 22. Bf3 b6 23. Kf1 Kf8 24. a3 a5 25. Bb7 Bd6 26. a4 Bd7 27. Nb5 Bc5 (27... Bxh2 $2 {too greedy.} 28. g3 $18) 28. Ke2 Ke7 29. h3 Ne8 30. Be4 {[%emt 0:00:37] Not much happened in this game.   Weighted Error Value: White=0.03 (flawless) /Black=0.03 (flawless) .  OK:         	White=11    	Black=10} 1/2-1/2

[Event "German Bundesliga 2024-25"]
[Site "Germany"]
[Date "2024.10.06"]
[Round "2.10"]
[White "Areshchenko, Alexander"]
[Black "Rakotomaharo, Fy Antenaina"]
[Result "1/2-1/2"]
[Annotator "TA"]
[ECO "C75"]
[WhiteElo "2613"]
[BlackElo "2434"]
[PlyCount "48"]
[EventDate "2024.09.27"]
[EventType "team-tourn"]
[EventCountry "GER"]
[SourceTitle "playchess.com"]
[Source "ChessBase"]
[SourceQuality "1"]
[WhiteTeam "Werder Bremen"]
[BlackTeam "Bad Mergentheim"]
[TimeControl "40/5400+30:1800+30"]

1. e4 e5 2. Nf3 Nc6 3. Bb5 a6 4. Ba4 d6 5. O-O Bd7 6. c3 Nge7 7. d4 Ng6 8. Re1 Be7 9. Be3 O-O 10. Nbd2 exd4 11. cxd4 d5 12. e5 Kh8 {[%emt 0:08:03] The position is equal.} 13. Rc1 f6 ({Black should try} 13... Nb4 $11) 14. Bc2 (14. exf6 $14 Bxf6 15. Bc2) 14... f5 {[%emt 0:39:54][%cal Bf6f5,Bf5f4][%mdl 32] [#] aiming for ...f4.} 15. Nb3 f4 16. Bd2 Bg4 17. h3 Bh5 18. Bd3 (18. Bxg6 {simplifies} Bxg6 19. Nc5 Bxc5 20. Rxc5 Bh5 21. Bc3) 18... Nb4 19. Bb1 (19. Bxg6 $14 Bxg6 20. Bxb4 Bxb4 21. Nbd2) 19... Nh4 $15 20. Kh2 a5 (20... Nc6 $15) 21. Bc3 (21. Nc5 $11 {remains equal.} Nxf3+ 22. gxf3 Bxc5 23. Rxc5) 21... Nxf3+ 22. gxf3 a4 (22... Nc6 $17) 23. Nd2 (23. Nc5 $11 {was the only way to keep the balance.} Bxc5 24. dxc5) 23... c5 $2 {[%emt 0:05:04] [#]} ({Better is} 23... Nc6 $17 24. Qe2 Bf7) 24. Bxb4 ({White should play} 24. dxc5 $1 $14 Bxc5 25. e6) 24... cxb4 {Weighted Error Value: White=0.49/Black=0.37.  Mistake:       	White=5     	Black=4      Inaccurate:     	White=1     	Black=2      OK:         	White=1     	Black=3      Best:        	White=1     	Black=1} 1/2-1/2

[Event "German Bundesliga 2024-25"]
[Site "Germany"]
[Date "2024.09.29"]
[Round "2.11"]
[White "Kadric, Denis"]
[Black "Sindarov, Javokhir"]
[Result "0-1"]
[Annotator "TA"]
[ECO "B95"]
[WhiteElo "2553"]
[BlackElo "2677"]
[PlyCount "92"]
[EventDate "2024.09.27"]
[EventType "team-tourn"]
[EventCountry "GER"]
[SourceTitle "playchess.com"]
[Source "ChessBase"]
[SourceQuality "1"]
[WhiteTeam "SK Kirchweyhe"]
[BlackTeam "Duesseldorfer SK"]
[TimeControl "40/5400+30:1800+30"]

1. e4 c5 2. Nf3 d6 3. d4 cxd4 4. Nxd4 Nf6 5. Nc3 a6 6. Bg5 e6 7. Qf3 Be7 8. Be2 Nbd7 9. a4 Qc7 {[%emt 0:05:14] The position is equal.} 10. O-O b6 11. Rad1 Bb7 12. Qg3 O-O 13. f4 Kh8 (13... Nxe4 $2 14. Nxe4 Rfe8 15. Bxe7 Rxe7 16. Bd3 $18) (13... Bxe4 14. f5 Bxf5 15. Nxf5 exf5 16. Rxf5 $14) (13... Nc5 $5) 14. Bf3 Ng8 15. Rd2 Rad8 16. Rfd1 Nc5 17. b4 Nd7 18. Nde2 Ndf6 $1 19. f5 e5 20. Be3 Rc8 $1 21. Qf2 Qc4 22. Bxb6 Bxe4 23. Bxe4 Nxe4 24. Nxe4 Qxe4 25. c3 Qc6 26. a5 Nf6 {[%emt 0:00:07] White must now prevent ...Ne4.} 27. Qe3 Qb5 (27... Qb7 $15) 28. Qf3 (28. Nf4 $1 $11 {keeps the balance.}) 28... Rc4 $17 29. Qb7 Re8 30. h3 {[%emt 0:00:57] [#]} Kg8 $1 31. Qa7 (31. Rd3 $17 {was worth a try.}) 31... Bf8 (31... d5 $19 {Threatens to win with ...Rcc8.} 32. Rb2 d4 33. cxd4 Rxb4 (33... Bxb4 34. Rdb1 $17)) 32. Bf2 Rc6 {[%emt 0:07:46] Repels Qb6} 33. Qe3 d5 34. Qd3 ({White should play} 34. Bh4 d4 35. cxd4) 34... Rc4 35. Be1 {[%emt 0:00:39] [#]} (35. Rc2 $17 {might work better.}) 35... d4 $1 $19 36. cxd4 {[%emt 0:00:06] [#]} (36. Bf2 Rec8) 36... e4 (36... Qxb4 $2 {too greedy.} 37. Rc2 Rxd4 38. Nxd4 (38. Bxb4 Rxd3 39. Rxd3 Bxb4 $16) 38... Qxd4+ 39. Qxd4 exd4 40. Rc6 $18) ({Less strong is} 36... Bxb4 37. Rb2 e4 38. Qb1 $15) (36... Rxb4 37. dxe5 Rxe5 (37... Qxe5 38. Qxa6 Ra4 39. Ng3 $15) 38. Qxb5 Rbxb5 39. Ng3 Bc5+ (39... Rxa5 40. Rd8 $11) 40. Kf1 $15) 37. Qg3 Bxb4 38. Ra2 Bf8 39. Qf2 Qb3 40. Rda1 {[%emt 0:00:39] White is weak on the light squares} Rec8 41. Qg3 Qd3 (41... Qb5 $19 {[%cal Oh7h6] has better winning chances.} 42. Qf4 Re8) 42. Rd2 $17 Qxg3 43. Bxg3 Nd5 $36 {[%emt 0:00:00][%mdl 2048] Black is in control.} 44. Be1 (44. Rb1 $142) 44... Rb8 {[%emt 0:00:00] Black has more active pieces.} 45. Rc1 $2 (45. Ng3 $17) 45... Rxc1 $19 46. Nxc1 g6 {[%emt 0:00:00] Weighted Error Value: White=0.23 (precise) /Black=0.13 (very precise) .  Loses game:     	White=1     	---        Mistake:       	White=5     	Black=3      Inaccurate:     	White=3     	Black=1      OK:         	White=9     	Black=17     Best:        	White=2     	Black=3      Strong:       	---       	Black=2} 0-1

[Event "German Bundesliga 2024-25"]
[Site "Germany"]
[Date "2024.10.06"]
[Round "2.11"]
[White "Sankalp Gupta"]
[Black "Vitiugov, Nikita"]
[Result "1/2-1/2"]
[Annotator "TA"]
[ECO "C89"]
[WhiteElo "2534"]
[BlackElo "2667"]
[PlyCount "79"]
[EventDate "2024.09.27"]
[EventType "team-tourn"]
[EventCountry "GER"]
[SourceTitle "playchess.com"]
[Source "ChessBase"]
[SourceQuality "1"]
[WhiteTeam "Deggendorf"]
[BlackTeam "Baden-Baden"]
[TimeControl "40/5400+30:1800+30"]

1. e4 e5 2. Nf3 Nc6 3. Bb5 a6 4. Ba4 Nf6 5. O-O Be7 6. Re1 b5 7. Bb3 O-O 8. c3 Na5 9. Bc2 d5 10. d4 dxe4 11. Nxe5 {[%emt 0:05:39][%cal Ob2b4] White is slightly better.} c5 12. Bg5 Bb7 13. dxc5 Bxc5 (13... Qc7 $5 14. Ng4 Rad8 15. Nxf6+ Bxf6 $11) 14. Qxd8 Raxd8 15. b4 $1 Bd6 16. Bxf6 (16. Nxf7 Rxf7 17. bxa5 h6 $15) 16... gxf6 17. Ng4 (17. bxa5 $2 Bxe5 (17... fxe5 18. Bxe4 Bxe4 19. Rxe4 $15) 18. Kf1 b4 $19 (18... Bxh2 19. a4 $15) (18... f5 $2 19. g4 $19)) 17... Nc4 18. Bxe4 Bc8 {[%emt 0:09:58] A strong pair of Bishops.} 19. Nxf6+ Kg7 20. Nh5+ (20. Nxh7 $2 Rfe8 21. Ng5 f5 $19) 20... Kh6 {[%emt 0:01:11] [#]} (20... Kh8 $11 {remains equal.}) 21. Ng3 $1 $16 Rfe8 {[%emt 0:00:57] ...Bxg3 would now be deadly.} 22. Kf1 $1 Bf4 23. a3 (23. Nf5+ {simplifies} Bxf5 24. Bxf5 Nd2+ 25. Nxd2 Bxd2 26. Rxe8 Rxe8 27. Rb1) 23... Re5 {[%emt 0:18:47] ...Rde8 is the strong threat.} 24. Ra2 (24. Bc2 $1 $14) 24... Be6 $1 $11 25. Rae2 {[%emt 0:10:44] Repels Ne3+} Nb6 $1 {[%emt 0:15:06] [#]} 26. Bd3 {[%emt 0:02:55] Prevents Bc4} Rxd3 ({Much worse is} 26... Bxg3 27. fxg3 (27. hxg3 Rh5 $14) 27... Rg5 28. Rxe6+ fxe6 29. Rxe6+ Kg7 30. Ke2 $14 (30. Rxb6 Rxd3 31. Re6 Rh5 $19)) 27. Rxe5 Bxe5 28. Rxe5 {[%emt 0:00:03] With the idea Ke1.} Ba2 $1 29. Re1 Nc4 {[%emt 0:01:05] Threatens to win with ...Bxb1.} 30. Ke2 Bxb1 31. Rxb1 Rxc3 {[%emt 0:00:04][%mdl 4096] Endgame. KRN-KRN} 32. Ra1 Rc2+ 33. Ke1 Nb2 {[%emt 0:01:50] The position is equal.} 34. Kf1 Nd3 35. Ne2 Rb2 36. g3 Kg7 37. Rd1 Rb3 38. Nc1 Nxc1 39. Rxc1 Rxa3 40. Rc6 {[%emt 0:00:05] Weighted Error Value: White=0.07 (flawless) /Black=0.04 (flawless) .  Mistake:       	White=1     	Black=1      Inaccurate:     	White=1     	Black=2      OK:         	White=15    	Black=18     Best:        	---       	Black=4      Strong:       	White=3     	Black=3} 1/2-1/2

[Event "German Bundesliga 2024-25"]
[Site "Germany"]
[Date "2024.10.06"]
[Round "2.11"]
[White "Razafindratsima, Timothe"]
[Black "Efimenko, Zahar"]
[Result "1/2-1/2"]
[Annotator "TA"]
[ECO "C88"]
[WhiteElo "2464"]
[BlackElo "2568"]
[PlyCount "80"]
[EventDate "2024.09.27"]
[EventType "team-tourn"]
[EventCountry "GER"]
[SourceTitle "playchess.com"]
[Source "ChessBase"]
[SourceQuality "1"]
[WhiteTeam "Bad Mergentheim"]
[BlackTeam "Werder Bremen"]
[TimeControl "40/5400+30:1800+30"]

1. e4 e5 2. Nf3 Nc6 3. Bb5 a6 4. Ba4 Nf6 5. O-O Be7 6. Re1 b5 7. Bb3 O-O 8. a4 b4 9. d4 d6 10. dxe5 dxe5 11. Nbd2 Bc5 12. Qe2 Qe7 13. Bd5 Nxd5 14. exd5 Nd4 15. Nxd4 Bxd4 16. Nb3 {[%emt 0:00:02] [#] Wards off Qc5. Strongly threatening Nxd4.} Qd6 17. Nxd4 exd4 18. Qe4 Bb7 19. Qxd4 Qxd5 20. Qxd5 Bxd5 21. Bf4 Rfe8 22. f3 f6 23. a5 Kf7 24. Red1 c6 25. Kf2 Rad8 26. Rd2 Rd7 27. Be3 Be6 28. Rxd7+ Bxd7 $11 {[%emt 0:00:03][%mdl 4096] Endgame. KRB-KRB} 29. Rd1 Bf5 30. Rd6 Re6 31. Rd7+ Re7 32. Rxe7+ Kxe7 {[%emt 0:00:05] KB-KB} 33. Bc5+ Ke6 34. Bxb4 Bxc2 35. h4 {[%emt 0:00:14] The position is equal.} h5 36. g4 g6 37. gxh5 gxh5 38. Kg3 Kf5 39. Bc5 Bb3 40. Bd4 Bd5 {[%emt 0:00:07] A balanced but interesting game.   Weighted Error Value: White=0.03 (flawless) /Black=0.03 (flawless) .  OK:         	White=16    	Black=15} 1/2-1/2

[Event "German Bundesliga 2024-25"]
[Site "Germany"]
[Date "2024.10.06"]
[Round "2.12"]
[White "Bacrot, Etienne"]
[Black "Krivoborodov, Egor"]
[Result "1-0"]
[Annotator "TA"]
[ECO "B27"]
[WhiteElo "2658"]
[BlackElo "2555"]
[PlyCount "139"]
[EventDate "2024.09.27"]
[EventType "team-tourn"]
[EventCountry "GER"]
[SourceTitle "playchess.com"]
[Source "ChessBase"]
[SourceQuality "1"]
[WhiteTeam "Baden-Baden"]
[BlackTeam "Deggendorf"]
[TimeControl "40/5400+30:1800+30"]

1. e4 c5 2. Nf3 g6 3. c3 d5 4. e5 a6 5. d4 Nc6 6. h3 {[%emt 0:01:26] B27: Sicilian: 2 Nf3, unusual Black 2nd moves.} Bg7 7. g3 $146 ({Predecessor:} 7. Be2 f6 8. exf6 Nxf6 9. O-O O-O 10. Be3 cxd4 11. cxd4 Nh5 12. Re1 Nf4 13. Bf1 {½-½ Esipenko,A (2683)-Nakamura,H (2780) FIDE Grand Swiss 2023 (6)}) 7... Bf5 8. Bg2 Qd7 9. Nh4 Be4 10. f3 Bxb1 11. Rxb1 cxd4 12. cxd4 e6 13. f4 h5 14. Be3 Bf8 15. O-O Be7 16. Nf3 Nh6 17. Bf2 Kf8 18. Qd2 Kg7 19. Rfc1 Rac8 20. Bf1 Bb4 21. Qd1 Na5 22. Bd3 Rxc1 23. Rxc1 Rc8 24. Rc2 Rxc2 25. Qxc2 Qc6 26. Qxc6 Nxc6 27. Kf1 Ba5 28. Ke2 Bb6 29. Bb1 Nf5 30. Kd3 Nb4+ 31. Kc3 Nc6 32. b4 a5 33. b5 Na7 34. Bd3 Bd8 35. g4 hxg4 36. hxg4 Nh6 37. Nh2 Be7 38. Kc2 Nc8 39. Be1 b6 40. Kd1 Ba3 41. Bh4 Bb2 {[%emt 0:37:21] [#]} 42. Bf2 $1 Ba3 43. Kc2 Bb4 44. Bh4 Be7 45. Be1 Ba3 46. Bd2 Be7 47. Kd1 Ba3 48. Be3 Bb4 49. Kc2 Ba3 50. Bf1 Bb4 51. Bh3 Na7 {[%emt 0:00:00] [#]} 52. a4 $1 Nc8 53. Nf1 Ne7 54. Nh2 Nc8 55. Nf3 Ne7 56. Bf2 Nc8 57. Bh4 Be7 58. Be1 Bd8 59. Kd3 Be7 60. Bc3 Ba3 61. Nd2 Be7 62. Nf1 Ba3 (62... Bd8 $16 63. Bb2 g5) 63. Kc2 Be7 64. Ne3 Kh7 65. Kd3 Kg8 (65... Bd8 {was necessary.} 66. f5 gxf5) 66. f5 Na7 $2 (66... Bg5 67. f6 Kh8) 67. f6 $18 Bd8 68. g5 Nf5 69. Bxf5 gxf5 70. Ng2 1-0

[Event "German Bundesliga 2024-25"]
[Site "Germany"]
[Date "2024.10.06"]
[Round "2.12"]
[White "Cheng, Bobby"]
[Black "Ikonnikov, Vyacheslav"]
[Result "1-0"]
[Annotator "TA"]
[ECO "E11"]
[WhiteElo "2594"]
[BlackElo "2467"]
[PlyCount "151"]
[EventDate "2024.09.27"]
[EventType "team-tourn"]
[EventCountry "GER"]
[SourceTitle "playchess.com"]
[Source "ChessBase"]
[SourceQuality "1"]
[WhiteTeam "Werder Bremen"]
[BlackTeam "Bad Mergentheim"]
[TimeControl "40/5400+30:1800+30"]

1. d4 Nf6 2. c4 e6 3. Nf3 Bb4+ 4. Nbd2 d5 5. Qa4+ Nc6 6. a3 Be7 7. e3 a5 8. Qc2 a4 9. Bd3 Bd7 10. O-O O-O 11. e4 dxe4 12. Nxe4 Nxe4 13. Bxe4 f5 14. Bd3 Bf6 15. Be3 e5 16. dxe5 Nxe5 17. Nxe5 Bxe5 18. f4 Bf6 19. Rad1 Qc8 20. c5 Kh8 21. Bc4 Bc6 22. Bd4 Qe8 23. Bxf6 Rxf6 24. Rfe1 Qf8 25. Bd5 h6 26. Bxc6 Rxc6 27. Re5 b6 28. Rxf5 Qe8 ({Black should try} 28... Qe7 $14) 29. Re5 $16 Qf8 30. Rf5 Qe8 31. Qf2 Rd8 (31... Rxc5 $14 32. Rxc5 bxc5) 32. Re1 (32. Rxd8 $1 $16 Qxd8 33. h3) 32... Qd7 (32... Qg6 $1 $11 33. Rfe5 Rxc5) 33. Rfe5 $14 Rxc5 34. Rxc5 bxc5 35. Qxc5 Qd4+ 36. Qxd4 Rxd4 37. f5 Kg8 38. Re2 Rd5 39. Rc2 Rxf5 40. Rxc7 Rb5 41. Rc2 Kf7 42. Kf2 ({Better is} 42. Rc4 $16) 42... Rb3 43. Ke1 Ke6 44. Kd1 Kd5 45. Re2 Kd4 (45... g5 $14) 46. Kc2 $16 Rb7 47. Re6 Rc7+ 48. Kb1 Ra7 49. g4 (49. h4 $142) 49... Kd5 $16 50. Rb6 Ke4 51. h4 Kf3 52. Rb4 g6 $1 53. Kc2 ({White should play} 53. Rb6 $16 Kxg4 54. Rxg6+ Kxh4 55. Rxh6+ Kg5 56. Rh2) 53... Kg3 $1 $11 54. h5 gxh5 55. gxh5 Ra5 56. Kc3 Rc5+ 57. Rc4 Rxh5 58. Rxa4 Rf5 $1 59. Ra8 Rf3+ $2 (59... h5 $11) 60. Kc2 $1 $18 Rf2+ {[%emt 0:00:12] [#]} 61. Kb3 $1 Rf3+ {[%emt 0:00:27] [#]} 62. Ka2 $1 h5 63. Rg8+ Kf2 64. Rh8 Rf5 65. a4 Kg3 66. b4 h4 67. a5 Rf4 68. Kb3 h3 69. a6 Rf3+ 70. Ka4 h2 71. a7 Rf8 72. Rxh2 Kxh2 73. b5 Kg3 74. b6 Kg4 75. b7 Rf4+ 76. Kb3 1-0

[Event "German Bundesliga 2024-25"]
[Site "Germany"]
[Date "2024.10.06"]
[Round "2.13"]
[White "Petrov, Martin"]
[Black "Shirov, Alexei"]
[Result "1-0"]
[Annotator "TA"]
[ECO "C11"]
[WhiteElo "2538"]
[BlackElo "2655"]
[PlyCount "75"]
[EventDate "2024.09.27"]
[EventType "team-tourn"]
[EventCountry "GER"]
[SourceTitle "playchess.com"]
[Source "ChessBase"]
[SourceQuality "1"]
[WhiteTeam "Deggendorf"]
[BlackTeam "Baden-Baden"]
[TimeControl "40/5400+30:1800+30"]

1. e4 e6 2. d4 d5 3. Nc3 Nf6 4. e5 Nfd7 5. f4 c5 6. Nf3 Nc6 7. Be3 cxd4 8. Nxd4 Qb6 9. Qd2 Qxb2 10. Rb1 Qa3 11. Bb5 $1 Nxd4 12. Bxd4 a6 13. Bxd7+ Bxd7 {[%emt 0:00:05] White has an edge.} 14. Rb3 Qe7 ({Wrong is} 14... Qa5 $2 15. Bb6 $18 (15. Rxb7 Bb4 $17) (15. Rxb7 Bb4 $17)) 15. Rxb7 Rc8 16. O-O Qd8 {[%emt 0:00:07] [#]} 17. f5 $1 $36 {[%emt 0:04:29][%mdl 2048] White fights for an advantage.} exf5 18. Rfb1 (18. Nxd5 $2 {loses.} Bc6 $19) (18. Qd3 {looks sharper.} Rc6 19. Nxd5 Bc8 20. Bb6) 18... Bc5 {[%emt 0:21:39][%mdl 8192] White leaves nothing to chance now.} (18... Qa5 $11 19. Qe3 Be6) 19. Bxc5 $18 {[%emt 0:12:17] White is clearly winning.} Rxc5 20. Nxd5 {[%emt 0:06:19] Qd4 is the strong threat.} Bc8 {[%emt 0:36:13] Black is weak on the dark squares} 21. Re7+ Kf8 {[%emt 0:00:05] [#]} 22. Qb4 $1 Rxd5 23. Rd7+ Ke8 24. Rxd8+ Rxd8 25. Qc5 h5 26. Rb8 Bd7 27. Qc7 Ke7 28. Qd6+ Ke8 29. c4 (29. Rxd8+ $142 Kxd8 30. Qb8+ (30. Qxa6 Rh6 $18) 30... Bc8 31. Qb6+ Ke8 32. Qc7) 29... Rh6 30. Rxd8+ Kxd8 {[%emt 0:00:04][%mdl 4096] Endgame. KQ-KRB} 31. Qf8+ Be8 32. Qxg7 Rg6 33. Qh8 Ke7 34. Qxh5 Bc6 35. g3 Be4 36. Qh4+ Kd7 37. Kf2 Rc6 38. Ke3 {[%emt 0:00:18] Weighted Error Value: White=0.36/Black=0.52.  Loses game:     	---       	Black=1      Inaccurate:     	White=1     	Black=1      OK:         	White=7     	Black=3      Best:        	White=2     	Black=2} 1-0